 Dungeon Crawl Stone Soup version 0.20.0-15-g7f486f2 (webtiles) character file.

892 Gargoyl the Ducker (level 7, 0/59 HPs)
             Began as a Yellow Draconian Abyssal Knight on June 20, 2017.
             Was a Believer of Lugonu.
             Slain by an orc wizard
             ... wielding a +0 dagger
              (5 damage)
             ... on level 4 of the Dungeon.
             The game lasted 00:10:06 (4639 turns).

Gargoyl the Ducker (DrAK)                           Turns: 4639, Time: 00:10:06

Health: 0/59       AC:  8    Str: 13    XL:     7   Next: 78%
Magic:  10/10      EV: 17    Int: 14    God:    Lugonu [**....]
Gold:   189        SH:  0    Dex: 12    Spells: 6/6 levels left

rFire    . . .     SeeInvis .   a - +2 hand axe
rCold    . . .     Gourm    .   (no shield)
rNeg     . . .     Faith    .   (armour unavailable)
rPois    .         Spirit   .   (helmet restricted)
rElec    .         Reflect  .   (no cloak)
rCorr    +         Harm     .   c - +1 pair of gloves
MR       .....                  (no boots)
Stlth    ++........             (no amulet)
Regen    0.2/turn               k - +3 ring of evasion
MPRegen  0.2/turn               (no ring)

@: lethally poisoned (0 -> -4), short of breath
A: spit acid, acid resistance, unfitting armour, talons 1, blurry vision 1,
clever 1, weak 1, cold-blooded, AC +6
a: Breathe Acid, Depart the Abyss, Bend Space, Renounce Religion


You were on level 4 of the Dungeon.
You worshipped Lugonu.
Lugonu was pleased with you.
You were near starving.

You visited 1 branch of the dungeon, and saw 4 of its levels.
You visited the Abyss 1 time.

You collected 189 gold pieces.

Inventory:

Hand Weapons
 a - a +2 hand axe (weapon)
Armour
 c - a +1 pair of gloves (worn)
Jewellery
 k - a +3 ring of evasion (left hand)
 r - a +3 amulet of reflection {unknown}
Wands
 j - a wand of disintegration (14/24)
 n - a wand of enslavement (24/24)
Scrolls
 d - 2 scrolls of remove curse
 q - 2 scrolls of amnesia
 s - 2 scrolls of identify
Potions
 g - a potion of degeneration
Comestibles
 b - 3 bread rations
 h - a royal jelly
 i - 2 meat rations
 o - 4 fruits


   Skills:
 + Level 4.2 Fighting
 + Level 4.9 Axes
 * Level 5.2 Dodging
 * Level 2.8 Stealth
 * Level 4.4 Invocations


You had 6 spell levels left.
You didn't know any spells.

Dungeon Overview and Level Annotations

Branches:
Dungeon (4/15)
 Temple: D:4-7

Altars:
Okawaru


Innate Abilities, Weirdness & Mutations

You can spit globs of acid.
You are resistant to acid.
Your golden yellow scales are hard. (AC +6)
You cannot fit into any form of body armour.
You are cold-blooded and may be slowed by cold attacks.
You have sharp toenails.
Scrolls take you a little longer to read.
Your mind is acute. (Int +2)
You are weak. (Str -2)


Message History

You barely miss the orc wizard.
You claw the orc wizard, but do no damage.
The orc wizard is severely wounded.
You hit the orc wizard.
You kill the orc wizard!
Lugonu accepts your kill.
You barely miss the worker ant.
The orc wizard hits you but does no damage.
The worker ant bites you.
* * * LOW HITPOINT WARNING * * *
You are poisoned.
The worker ant poisons you! The orc wizard barely misses you.
Unknown command.
You hit the worker ant. Your kick misses the worker ant.
The worker ant is almost dead.
You closely miss the orc wizard.
* * * LOW HITPOINT WARNING * * *
You feel sick. The worker ant closely misses you.
The orc wizard hits you with a dagger.
You die...

.## #....#.........##.###### ..#
#..#.....##....##.# # ..#
#..............#..# #.###
#..............#.## ....##
#.......[....##..# .....##
#...............##
......####............#### ###
.......#.........)....# #.....
...............)@o....# #.....
.................a...## ##.####
.....##........(......# #..# #
......................# #..+ #
......................# #..####
...............##....## #.....P
...####....###.#.....######......
...# #....# ###.......).....##'#
...# ♣P..P♣ #...######<###..#).#


You could see a worker ant and an orc wizard.

Vanquished Creatures
  Sigmund (D:2)
  Menkaure (D:4)
  A phantom (D:4)
  An ogre (D:4)
  The ghost of ANON1729 the Conjurer, an amateur TeCj (D:3)
  An orc priest (D:4)
  2 orc wizards (D:4)
  Jessica (D:2)
  3 worker ants
  4 gnolls
  5 adders
  2 oozes
  An adder skeleton (D:4)
  2 worms
  3 dart slugs
  3 leopard geckos
  5 orcs
  4 bats (D:1)
  4 giant cockroaches
  12 hobgoblins
  6 jackals
  3 quokkas
  3 ball pythons
  A frilled lizard (D:1)
  10 goblins
  8 kobolds
  4 rats
92 creatures vanquished.

Notes
Turn   | Place    | Note
-------+----------+-------------------------------------------
     0 | Abyss:1  | Gargoyl the Draconian Abyssal Knight began the quest for the Orb.
     0 | Abyss:1  | Reached XP level 1. HP: 19/19 MP: 2/2
    87 | Abyss:1  | Noticed an iron imp
   109 | Abyss:1  | Noticed an ancient zyme
   124 | D:1      | Escaped the Abyss
   527 | D:1      | Reached XP level 2. HP: 26/26 MP: 3/3
   560 | D:1      | Reached * piety under Lugonu
  1323 | D:1      | Reached skill level 1 in Stealth
  1323 | D:1      | Reached XP level 3. HP: 20/31 MP: 4/4
  1324 | D:1      | Reached skill level 3 in Dodging
  1454 | D:2      | Reached XP level 4. HP: 17/38 MP: 5/5
  1664 | D:2      | Gained mutation: You are weak. (Str -2) [potion of mutation]
  1664 | D:2      | Gained mutation: Your mind is acute. (Int +2) [potion of mutation]
  1664 | D:2      | Gained mutation: You have sharp toenails. [potion of mutation]
  1729 | D:2      | Noticed Jessica
  1737 | D:2      | Killed Jessica
  1917 | D:2      | Noticed Sigmund
  1930 | D:2      | Killed Sigmund
  1930 | D:2      | Reached skill level 4 in Dodging
  1930 | D:2      | Reached XP level 5. HP: 39/46 MP: 7/7
  1930 | D:2      | Reached XP level 6. HP: 44/52 MP: 8/8
  2078 | D:2      | Reached ** piety under Lugonu
  2439 | D:3      | Noticed ANON1729's ghost (amateur TeCj)
  2456 | D:3      | Killed ANON1729's ghost
  2697 | D:3      | Found a transporter.
  2711 | D:3      | Noticed a kobold demonologist
  2712 | D:3      | Noticed a neqoxec
  2714 | D:3      | Gained mutation: Scrolls take you a little longer to read. [a neqoxec]
  2717 | D:3      | Noticed a hellwing
  2719 | D:3      | Found a transporter.
  2906 | D:3      | Found an iron altar of Okawaru.
  3398 | D:4      | Your scales start taking on a golden yellow colour.
  3398 | D:4      | Reached XP level 7. HP: 36/59 MP: 8/10
  4294 | D:4      | Noticed Menkaure
  4320 | D:4      | Killed Menkaure
  4320 | D:4      | Reached skill level 5 in Dodging
  4633 | D:4      | HP: 2/59 [orc wizard/puff of flame (3)]
  4639 | D:4      | Slain by an orc wizard

Skill      XL: |  1  2  3  4  5  6  7 |
---------------+----------------------+-----
Stealth        | 1 2 |  2.8
Dodging        | 3 4 5 |  5.2
Invocations    | 3 4 |  4.4
Axes           | 3 4 |  4.9
Fighting       | 4 |  4.2

Action                   |  1- 3 |  4- 6 |  7- 9 || total
-------------------------+-------+-------+-------++-------
Melee: Hand axe          |    95 |   191 |   134 ||   420
       Tailslap          |     5 |    20 |    11 ||    36
       Kick              |       |    46 |    25 ||    71
Invok: Depart the Abyss  |     1 |       |       ||     1
 Abil: Breathe Acid      |       |       |     3 ||     3
  Use: Potion            |     1 |     7 |     9 ||    17
       Scroll            |       |     3 |     5 ||     8
 Stab: Sleeping          |     1 |     1 |     1 ||     3
  Eat: Chunk             |     2 |     3 |     2 ||     7
       Bread ration      |       |     1 |       ||     1
Armor: Skin              |    38 |    42 |    49 ||   129
Dodge: Dodged            |    85 |   165 |   186 ||   436
